AoeStats
← Jedasun

Arena

509652686Analyzed
3v3 RM · 6d ago on Sep 27, 2026· 72m 20s· 6 players
Game mode
Random Map
Map size
Normal (6 player)
Population
200
Speed
Normal
Resources
Standard
Victory
Conquest
Starting age
Dark Age
Ending age
Imperial Age
RankedLock teamsTeams togetherTeam positionsShared explorationLock speedFull tech treeHidden civsTurbo modeCheats
Victory
Defeat
🇹🇷 Khmer · Türkiye
895
+13
🇫🇷 Spanish · France
836
+15
🇹🇷 Varangians · Türkiye
809
+16
🇨🇱 Magyars · Chile
877
-17
🇬🇧 Lithuanians · United Kingdom
794
-14
🇬🇧 Romans · United Kingdom
780
-21
Roshi
14:27 Feudal Age
18:35 Castle Age
17:15 Double-Bit Axe
17:24 Horse Collar
18:08 Scale Mail Armor
20:20 Forging
24:43 Heavy Plow
25:15 Squires
26:39 Bow Saw
27:24 Gold Mining
28:49 Scale Barding Armor
29:20 Iron Casting
33:06 Wheelbarrow
35:48 Imperial Age
33:23 Stone Mining
36:40 Capped Ram
38:01 Hand Cart
37:25 Elite Jarl
39:42 Chain Mail Armor
40:27 Blast Furnace
39:50 Chain Barding Armor
40:44 Blast Furnace
39:07 Elite Varangian Guard
41:24 Plate Mail Armor
48:13 Arson
49:30 Gothikon
50:31 Conscription
51:56 Two-Man Saw
50:54 Gambesons
51:50 Pikeman
64:08 Vendel Legacy
65:21 Chain Barding Armor
65:01 Padded Archer Armor
64:55 Fletching
69:46 Chemistry
Jedasun
0:46 Loom
12:05 Feudal Age
13:42 Wheelbarrow
12:54 Double-Bit Axe
12:49 Horse Collar
13:03 Gold Mining
20:29 Castle Age
21:38 Bow Saw
23:19 Hand Cart
23:52 Heavy Plow
31:11 Imperial Age
28:30 Town Watch
30:02 Ballistics
29:55 Fortified Wall
29:41 Murder Holes
29:54 Padded Archer Armor
29:45 Fletching
29:59 Squires
30:58 Town Watch
32:52 Two-Man Saw
32:14 Leather Archer Armor
31:55 Bodkin Arrow
32:10 Forging
32:01 Scale Mail Armor
31:43 Pikeman
33:36 Chemistry
32:56 Halberdier
33:50 Caravan
34:52 Ring Archer Armor
34:22 Bracer
35:10 Elite Conquistador
36:55 Town Patrol
36:59 Arson
FBH
9:54 Feudal Age
14:15 Castle Age
12:41 Double-Bit Axe
15:44 Bow Saw
19:01 Horse Collar
21:36 Stone Mining
21:39 Gold Mining
23:57 Stone Shaft Mining
26:27 Gold Shaft Mining
29:34 Imperial Age
27:33 Loom
30:21 Wheelbarrow
30:10 Ballistics
30:30 Scale Barding Armor
31:51 Hoardings
31:42 Chain Barding Armor
33:00 Plate Barding Armor
33:29 Chemistry
33:17 Hand Cart
32:25 Elite Ballista Elephant
33:09 Double Crossbow
35:23 Conscription
39:57 Fletching
40:59 Bodkin Arrow
41:20 Forging
42:11 Bloodlines
42:04 Husbandry
41:48 Light Cavalry
43:06 Iron Casting
42:31 Bracer
44:43 Hussar
54:52 Blast Furnace
Benthebrit20
12:35 Feudal Age
12:59 Horse Collar
13:08 Double-Bit Axe
21:37 Castle Age
19:45 Stone Mining
20:23 Loom
26:21 Gold Mining
26:45 Bow Saw
26:41 Heavy Plow
32:50 Imperial Age
31:48 Wheelbarrow
33:23 Fortified Wall
34:23 Fletching
34:33 Padded Archer Armor
35:19 Crop Rotation
34:47 Onager
36:35 Chemistry
35:54 Elite Leitis
36:50 Forging
36:56 Scale Barding Armor
38:18 Hand Cart
41:32 Iron Casting
41:17 Chain Barding Armor
42:10 Conscription
42:46 Plate Barding Armor
WutRecoil
11:14 Feudal Age
16:05 Castle Age
14:14 Double-Bit Axe
14:27 Horse Collar
15:24 Stone Mining
15:31 Gold Mining
16:55 Heavy Plow
19:21 Bow Saw
26:25 Loom
27:48 Wheelbarrow
27:57 Gold Shaft Mining
30:07 Scale Barding Armor
30:14 Forging
30:05 Scale Mail Armor
29:29 Man-at-Arms
30:10 Squires
31:41 Long Swordsman
35:48 Imperial Age
35:42 Ballistics
38:12 Iron Casting
37:53 Chain Mail Armor
38:42 Chemistry
37:10 Legionary
38:06 Ballistas
40:30 Heavy Scorpion
43:37 Elite Skirmisher
50:32 Pikeman
52:49 Conscription
nguerrah99
0:30 Loom
12:18 Feudal Age
13:37 Wheelbarrow
12:45 Horse Collar
13:05 Double-Bit Axe
16:21 Gold Mining
22:17 Castle Age
21:02 Bloodlines
22:49 Scale Barding Armor
23:12 Stone Mining
24:07 Chain Barding Armor
24:42 Caravan
28:41 Hand Cart
28:12 Town Watch
33:34 Imperial Age
31:33 Heavy Plow
32:17 Gold Shaft Mining
32:17 Bow Saw
32:26 Corvinian Army
34:44 Conscription
34:26 Recurve Bow
35:03 Hoardings
36:07 Two-Man Saw
36:01 Crop Rotation
36:25 Elite Magyar Huszar
39:14 Plate Barding Armor
38:32 Fletching
38:42 Padded Archer Armor
41:32 Fervor
41:40 Block Printing
41:48 Sanctity
41:59 Illumination
42:13 Theocracy
48:34 Chemistry
47:56 Ballistics
47:18 Treadmill Crane
47:44 Siege Engineers
47:36 Murder Holes
49:11 Bodkin Arrow
49:31 Leather Archer Armor
49:27 Thumb Ring
52:58 Parthian Tactics
Connection lost

Rejoining the realm…

Still unreachable

The connection could not be restored.

Session expired

The server has moved on; the page needs a fresh start.